Map: Deathaura LE

Players

Anahoret

  • Race: Protoss Protoss
  • League: Diamond
  • Spawn Location: 5:00

Mattagon - Winner!

  • Race: Terran Terran
  • League: Diamond
  • Spawn Location: 11:00

VOD

Have the link to the VOD?

Description

Time

  • Played on: Feb. 14, 2021, 8:50 p.m.
  • Length: 23:29
Show
View Real Time Build Order
Export as new Build Order

Anahoret Protoss 

Build Orders: Colossus Rush 

Get SALT Encoding   

  12  0:00  Probe  
  13  0:12  Probe  
  14  0:17  Pylon  
  14  0:24  Probe (Chrono Boost)  
  16  0:36  Probe (Chrono Boost)  
  16  0:38  Gateway  
  16  0:43  Probe (Chrono Boost)  
  16  0:45  Assimilator  
  17  0:51  Probe  
  18  1:00  Pylon  
  18  1:03  Probe  
  19  1:15  Probe  
  20  1:25  Cybernetics Core  
  20  1:27  Probe  
  20  1:30  Zealot  
  23  1:44  Probe  
  24  1:52  Nexus  
  24  1:56  Probe  
  25  2:01  Assimilator  
  25  2:04  Stalker (Chrono Boost)  
  27  2:09  Warp Gate  
  27  2:17  Probe  
  28  2:24  Adept (Chrono Boost)  
  30  2:32  Robotics Facility  
  30  2:37  Gateway  
  30  2:51  Pylon  
  30  2:57  Probe (Chrono Boost)  
  29  3:00  Sentry  
  29  3:05  Probe (Chrono Boost)  
  33  3:14  Probe x2 (Chrono Boost)  
  33  3:19  Observer, Probe (Chrono Boost)  
  35  3:23  Probe (Chrono Boost)  
  37  3:27  Pylon  
  37  3:31  Probe (Chrono Boost)  
  39  3:37  Probe (Chrono Boost)  
  39  3:38  Probe (Chrono Boost)  
  39  3:40  Observer  
  41  3:49  Robotics Bay  
  41  3:51  Forge  
  41  3:53  Probe x2  
  43  3:56  Assimilator  
  43  3:58  Assimilator  
  43  4:05  Probe x2  
  45  4:10  Observer  
  45  4:15  Pylon  
  47  4:17  Probe x2  
  48  4:29  Probe x2  
  50  4:35  Shield Battery  
  50  4:36  Observer  
  50  4:41  Probe x2  
  50  4:44  Colossus (Chrono Boost)  
  50  4:45  Protoss Ground Weapons Level 1 (Chrono Boost)  
  52  4:50  Stalker x2  
  62  4:53  Probe x2  
  64  5:22  Gateway  
  64  5:24  Gateway, Sentry  
  64  5:28  Gateway  
  66  5:34  Gateway  
  66  5:36  Gateway  
  66  5:37  Stalker  
  66  5:42  Gateway  
  68  5:43  Gateway  
  68  5:46  Pylon  
  68  5:47  Shield Battery  
  68  5:48  Pylon  
  68  5:56  Colossus (Chrono Boost)  
  64  6:14  Probe  
  65  6:34  Colossus (Chrono Boost)  
  65  6:41  Stalker  
  65  6:42  Stalker x6  
  65  6:44  Observer  
  65  6:45  Protoss Ground Armor Level 1 (Chrono Boost)  
  85  6:58  Pylon  
  85  6:59  Pylon  
  85  7:01  Pylon  
  85  7:03  Pylon  
  85  7:15  Observer  
  85  7:19  Colossus (Chrono Boost)  
  91  7:24  Stalker x2  
  91  7:26  Stalker x2  
  91  7:27  Stalker x2  
  103  7:39  Observer  
  103  7:41  Stalker x3  
  109  7:50  Stalker x3  
  115  7:53  Stalker  
  117  8:14  Pylon  
  117  8:16  Pylon  
  117  8:18  Pylon  
  117  8:28  Warp Prism  
  61  9:04  Immortal  
  61  9:08  Stalker x4  
  61  9:09  Stalker x2  
  71  9:10  Stalker x2  
  71  9:11  Stalker  
  71  9:23  Nexus  
  69  9:41  Immortal (Chrono Boost)  
  71  9:49  Pylon  
  71  9:55  Shield Battery  
  71  9:56  Shield Battery  
  71  10:00  Stalker x3  
  71  10:01  Stalker x3  
  83  10:16  Probe x2  
  83  10:20  Warp Prism (Chrono Boost)  
  85  10:28  Probe x2  
  89  10:40  Probe  
  90  10:52  Immortal (Chrono Boost)  
  94  11:00  Nexus  
  94  11:01  Pylon  
  94  11:04  Pylon  
  94  11:09  Twilight Council  
  94  11:10  Forge  
  94  11:18  Probe x3  
  96  11:21  Immortal (Chrono Boost)  
  96  11:22  Assimilator  
  101  11:26  Assimilator  
  101  11:30  Protoss Ground Weapons Level 2 (Chrono Boost)  
  95  11:36  Stalker x2  
  95  11:38  Probe x3  
  102  11:41  Protoss Ground Armor Level 2 (Chrono Boost)  
  102  11:50  Charge  
  100  11:59  Photon Cannon  
  100  12:02  Shield Battery  
  100  12:05  Probe x2 (Chrono Boost)  
  100  12:06  Probe (Chrono Boost)  
  104  12:15  Probe (Chrono Boost)  
  104  12:18  Probe x2 (Chrono Boost)  
  107  12:23  Probe (Chrono Boost)  
  107  12:24  Templar Archives  
  107  12:25  Probe (Chrono Boost)  
  107  12:26  Probe x2 (Chrono Boost)  
  111  12:30  Probe x2 (Chrono Boost)  
  111  12:31  Probe  
  111  12:32  Pylon  
  113  12:45  Pylon  
  113  12:46  Disruptor (Chrono Boost)  
  116  12:59  Stalker x2  
  116  13:00  Stalker x5  
  130  13:15  Nexus  
  129  13:23  Stalker x5  
  139  13:36  Blink  
  139  13:48  Assimilator  
  139  13:49  Assimilator  
  139  13:52  Zealot x4  
  139  13:53  Zealot x5  
  157  14:01  Protoss Ground Weapons Level 3 (Chrono Boost)  
  157  14:02  Protoss Ground Armor Level 3 (Chrono Boost)  
  157  14:14  High Templar x5  
  157  14:15  High Templar x4  
  175  14:19  Psionic Storm  
  175  14:26  Archon  
  175  14:27  Archon x3  
  171  14:41  Disruptor (Chrono Boost)  
  152  15:06  Stalker x4  
  152  15:07  Stalker x4  
  132  15:08  Stalker  
  125  15:37  Nexus  
  125  15:44  High Templar x3  
  125  15:45  High Templar  
  125  15:47  Zealot x5  
  143  16:00  Colossus (Chrono Boost)  
  149  16:18  Pylon  
  149  16:21  Pylon  
  149  16:23  Zealot x4  
  149  16:24  Zealot x4  
  165  16:31  Pylon  
  165  16:33  Nexus  
  165  16:37  Pylon  
  165  16:39  Pylon  
  145  16:54  Nexus  
  145  16:55  Pylon  
  145  16:58  Pylon  
  133  17:06  Archon x2  
  121  17:13  High Templar x3  
  121  17:14  High Templar x5  
  121  17:15  High Templar  
  122  17:24  Disruptor (Chrono Boost)  
  119  17:33  Archon  
  119  17:34  Archon  
  119  17:39  Photon Cannon  
  119  17:40  Photon Cannon  
  119  17:41  Photon Cannon  
  119  17:43  Photon Cannon  
  119  17:45  Zealot, Photon Cannon  
  119  17:46  Zealot x2  
  119  17:47  Zealot  
  119  17:48  Shield Battery x2  
  119  17:50  Shield Battery  
  122  17:52  Shield Battery  
  122  17:58  Zealot x3  
  120  17:59  Zealot x2  
  108  18:17  Stalker x4  
  108  18:19  Protoss Shields Level 1 (Chrono Boost)  
  116  18:22  Probe x5  
  116  18:26  Probe  
  122  18:29  Assimilator  
  122  18:32  Assimilator  
  123  18:34  Probe x5  
  127  18:42  High Templar x2  
  127  18:43  High Templar x5  
  127  18:47  Archon x3  
  141  18:59  Assimilator x2  
  141  19:05  Stalker x2  
  128  19:39  Archon  
  128  19:40  Archon  
  128  19:44  Nexus  
  128  19:45  Pylon  
  128  19:48  Pylon, Zealot x4  
  128  19:49  Zealot x4  
  128  19:50  Pylon, Zealot  
  142  20:11  Stalker x2  
  142  20:12  Stalker x6  
  158  20:17  Disruptor (Chrono Boost)  
  143  20:45  Disruptor  
  143  20:48  Stalker x3  
  143  20:49  Stalker x5  
  162  20:50  Stalker  
  162  21:16  Nexus  
  141  21:19  Pylon  
  141  21:21  Disruptor (Chrono Boost), Pylon  
  141  21:24  Photon Cannon  
  128  21:27  Photon Cannon  
  81  21:47  Zealot x5  
  81  21:48  Zealot x2  
  81  21:49  Zealot x2  
  99  22:04  Photon Cannon  
  99  22:05  Photon Cannon  
  99  22:06  Photon Cannon  
  99  22:08  Photon Cannon x2  
  99  22:09  High Templar x2, Shield Battery  
  99  22:10  High Templar x7, Shield Battery  
  99  22:13  Archon  
  99  22:14  Archon x2  
  99  22:15  Archon  
  116  22:52  Stalker x3  
  116  22:53  Stalker x5  
  116  22:55  Zealot  
  108  23:16  Zealot x4  
  108  23:17  Zealot x2  
  102  23:25  Zealot x3  
Show
View Real Time Build Order
Export as new Build Order

Mattagon Terran - Winner!

Build Orders:  

Get SALT Encoding   

  12  0:01  SCV  
  13  0:13  SCV  
  14  0:17  Supply Depot  
  14  0:25  SCV  
  15  0:38  SCV  
  15  0:40  Barracks  
  16  0:47  Refinery  
  16  0:50  SCV  
  17  1:02  SCV  
  18  1:15  SCV  
  19  1:30  Orbital Command  
  19  1:35  Marine  
  20  1:40  Command Center  
  20  1:53  Supply Depot  
  20  1:55  Marine  
  21  2:08  Barracks  
  21  2:13  Reaper  
  21  2:14  Bunker  
  21  2:15  SCV  
  23  2:27  SCV  
  24  2:37  Factory  
  24  2:39  SCV  
  26  2:51  SCV  
  26  3:00  Supply Depot  
  26  3:02  Barracks Tech Lab  
  26  3:03  SCV  
  28  3:05  Orbital Command  
  28  3:09  Barracks Reactor  
  27  3:15  Supply Depot, SCV  
  28  3:22  Stimpack  
  28  3:24  Marine  
  29  3:27  SCV  
  29  3:30  Refinery  
  29  3:34  SCV  
  31  3:38  Factory Tech Lab  
  31  3:39  SCV  
  32  3:44  Marine  
  32  3:45  Marine  
  32  3:46  Marine, SCV  
  36  3:51  SCV  
  37  3:58  SCV  
  38  4:04  SCV  
  38  4:05  Cyclone  
  42  4:10  SCV  
  42  4:12  Barracks  
  42  4:16  SCV  
  44  4:18  Marine x3  
  44  4:22  SCV  
  48  4:28  SCV  
  48  4:30  Starport  
  49  4:34  Refinery, SCV  
  49  4:35  Marine  
  49  4:36  Marine  
  49  4:37  Marine  
  53  4:40  SCV  
  54  4:46  SCV  
  54  4:50  Siege Tank  
  54  4:51  Supply Depot  
  54  4:52  SCV  
  59  4:53  Marine x2  
  59  4:55  Marine  
  62  5:11  Supply Depot  
  62  5:12  Marine, SCV x2  
  65  5:16  Medivac  
  65  5:21  Marine  
  68  5:24  SCV x2  
  68  5:26  Marine x2  
  68  5:28  Supply Depot  
  72  5:29  Command Center  
  72  5:34  Refinery  
  72  5:36  SCV x2  
  74  5:47  Siege Tank  
  74  5:48  Marine x4, SCV x2  
  73  6:13  SCV x2  
  73  6:14  Viking  
  73  6:18  Marine x2  
  76  6:19  Siege Tank  
  76  6:20  Starport  
  76  6:25  Combat Shield  
  81  6:27  Marauder  
  81  6:29  SCV x2  
  85  6:42  Supply Depot, SCV x2  
  85  6:46  Supply Depot  
  87  6:48  Command Center  
  87  6:53  Marine, Starport Reactor  
  87  6:54  Marine, Siege Tank  
  89  6:59  SCV  
  89  7:00  SCV  
  94  7:08  Barracks  
  94  7:09  Barracks  
  94  7:10  Marine x2, SCV  
  94  7:11  Marine  
  94  7:12  SCV  
  99  7:23  SCV  
  99  7:24  SCV  
  99  7:26  Siege Tank  
  99  7:29  Orbital Command  
  104  7:32  Refinery  
  104  7:34  Engineering Bay  
  104  7:35  SCV, Engineering Bay  
  104  7:36  Armory, SCV  
  106  7:47  Marine x2  
  108  7:57  SCV x2  
  110  7:58  Siege Tank  
  110  8:05  Marine x3  
  113  8:06  Marine x3  
  113  8:10  Viking x2  
  123  8:23  Marine x2  
  123  8:24  Viking  
  127  8:27  Marine x2  
  127  8:30  Siege Tank  
  116  8:38  Marine x2  
  116  8:40  Viking  
  116  8:41  Marine x2  
  96  8:45  Marine  
  96  8:48  Viking  
  89  8:49  Marine  
  89  8:54  Viking  
  82  8:56  Marine x2  
  82  8:59  Marine, Orbital Command  
  84  9:04  Planetary Fortress  
  84  9:07  Marine x3  
  87  9:14  Marine x2  
  87  9:16  Marine  
  90  9:17  SCV x2  
  90  9:24  Marine x2, Terran Infantry Weapons Level 1, Terran Infantry Armor Level 1  
  92  9:25  Marine  
  92  9:28  Viking  
  92  9:29  SCV x3  
  98  9:31  Marine  
  92  9:40  Marine x2  
  92  9:42  Marine x2  
  96  9:46  Medivac x2  
  100  9:56  SCV x2  
  100  9:57  SCV x2  
  100  9:58  Refinery, Medivac  
  106  10:04  Terran Vehicle Weapons Level 1  
  106  10:16  Viking  
  106  10:18  Medivac  
  106  10:21  Marauder, Sensor Tower, Barracks Tech Lab  
  112  10:22  Barracks Tech Lab  
  112  10:32  Refinery  
  112  10:42  Marauder, SCV x3  
  117  10:43  Missile Turret, SCV  
  118  10:57  Sensor Tower  
  118  10:58  SCV x2  
  118  10:59  Marine x5  
  118  11:00  SCV  
  118  11:01  SCV  
  118  11:03  Viking x2  
  118  11:04  Marauder, Medivac  
  133  11:10  SCV x2  
  137  11:12  SCV  
  137  11:13  SCV  
  139  11:20  Supply Depot  
  139  11:21  Supply Depot  
  137  11:35  Marine  
  137  11:36  Marine x2, Marauder x3  
  146  11:45  Supply Depot, SCV x2  
  148  11:49  SCV x2  
  148  11:53  Marine, Command Center  
  151  11:54  Marine x2  
  151  11:57  Marine, SCV, Siege Tank  
  151  11:58  Marine, Marauder  
  161  12:01  Terran Infantry Weapons Level 2  
  161  12:02  Refinery  
  161  12:11  Marine, SCV x4  
  161  12:12  Marine x2  
  168  12:17  Marauder x2  
  172  12:23  SCV x2  
  172  12:24  Supply Depot, Marauder  
  172  12:25  Terran Infantry Armor Level 2  
  172  12:26  Supply Depot  
  176  12:50  Marine x5, SCV x2  
  183  12:51  Marauder  
  185  13:00  Barracks  
  185  13:01  Barracks  
  185  13:02  Barracks  
  185  13:09  Marauder x2  
  189  13:13  Marauder  
  191  13:23  Marine x3  
  191  13:25  Siege Tank  
  197  13:27  SCV x3  
  197  13:30  Terran Vehicle And Ship Armor Level 1  
  200  13:41  Marine  
  199  13:59  Marine  
  200  14:09  Barracks x2  
  200  14:25  Barracks Tech Lab  
  200  14:27  Barracks Reactor  
  200  14:28  Barracks Reactor x2  
  194  14:39  Concussive Shells  
  175  15:02  Marine x2  
  175  15:03  Marine x2  
  175  15:04  Marauder x2  
  175  15:05  Siege Tank  
  161  15:09  Marine  
  161  15:10  Marine x2  
  137  15:17  Marine x3  
  145  15:21  Marauder x2  
  145  15:25  Marauder x2  
  148  15:29  Marine x5  
  148  15:32  Viking x3  
  159  15:42  Marauder, Planetary Fortress  
  161  15:54  Marine x7  
  161  15:55  Marine  
  161  15:56  Marine, Marauder x2  
  174  15:58  Terran Infantry Weapons Level 3  
  174  15:59  Terran Vehicle And Ship Armor Level 2, Terran Infantry Armor Level 3  
  174  16:02  Viking  
  174  16:03  Marine  
  177  16:08  Medivac x2  
  181  16:12  Marine  
  181  16:14  Marauder  
  181  16:17  Marauder x2  
  188  16:18  Barracks Tech Lab x2  
  188  16:19  Marine x5  
  188  16:22  Marauder  
  195  16:26  SCV x2  
  195  16:29  Marine  
  195  16:32  Medivac  
  200  16:41  Command Center  
  196  16:54  Marine x2  
  196  16:56  Marine x3  
  174  17:03  Marine x3  
  174  17:06  Marine x2  
  174  17:07  Marine x3  
  152  17:12  Marine  
  153  17:18  Marine  
  153  17:19  Marine x3  
  153  17:21  Marine x3  
  160  17:24  Marine x3  
  160  17:29  Marine x2  
  164  17:30  Marine  
  164  17:31  Medivac  
  164  17:32  Medivac x2  
  164  17:36  Marine x2  
  174  17:39  Marine x5  
  174  17:42  Marine x3  
  182  17:47  Command Center  
  182  17:54  Marine x4  
  185  18:01  Medivac  
  179  18:11  Marine x4  
  171  18:17  Marine x3  
  167  18:21  Medivac  
  167  18:22  Medivac  
  167  18:23  Marine, Marauder  
  167  18:24  Marauder x4  
  182  18:29  Marine x3  
  182  18:30  Ghost Academy  
  187  18:41  Marauder  
  187  18:45  Marauder x5  
  197  18:59  Command Center  
  197  19:02  Marauder, Command Center  
  199  19:09  Refinery x2  
  199  19:11  Command Center  
  198  19:22  Marauder x2  
  167  19:33  Marauder  
  167  19:34  Marauder x2  
  170  19:40  Medivac x3  
  176  19:50  Marine x7  
  189  19:55  Marauder x3  
  194  20:07  Marine, Planetary Fortress  
  194  20:08  Marine x5  
  194  20:10  Refinery x2  
  200  20:17  Unknown x3  
  189  20:29  Marauder  
  189  20:30  Marauder x4  
  175  20:35  Marine  
  175  20:36  Marine x7  
  155  20:44  Siege Tank  
  140  20:50  Marine x2  
  140  20:51  Marine x3  
  140  20:53  Marine x3  
  140  20:54  Marine x5  
  140  20:56  Orbital Command  
  152  20:58  SCV x3  
  155  21:04  Viking x3  
  155  21:09  Marauder x3  
  169  21:11  Marine x5  
  169  21:15  Marine x3  
  169  21:17  Siege Tank  
  151  21:30  Marauder x3  
  151  21:32  Marine x2  
  145  21:34  Marauder, Viking, Medivac  
  145  21:37  Marine x5, Unknown x2  
  145  21:38  Marauder x2  
  150  21:48  Medivac  
  150  21:49  Siege Tank  
  150  21:50  Marine x2  
  150  21:51  Marine, Marauder  
  150  21:52  Marauder  
  162  21:54  Command Center  
  162  22:03  Marauder x3  
  162  22:04  Medivac x2  
  172  22:10  Marauder  
  172  22:13  Marauder  
  176  22:18  Medivac  
  176  22:21  Siege Tank  
  181  22:25  Marine x4, Marauder  
  193  22:31  Marauder  
  194  22:46  Marauder x2  
  198  22:52  Unknown, Marauder  
  198  22:53  Unknown x2  
  194  23:07  Marine, Marauder  
  194  23:08  Marine x2  
Tags
 
Add a new tag
Caveats
  • Supply blocks, unpowered buildings, or Contaminate may cause inaccurate times.
  • Supply counts are checked every 10 seconds.